 Dungeon Crawl Stone Soup version 0.31-a0-202-g547052bce9 (webtiles) character file.

Game seed: 5953799307416861877

963 Ijustatesigmund the Stinger (level 8, -7/51 HPs)
             Began as an Octopode Venom Mage on June 27, 2023.
             Mangled by an ice beast (13 damage)
             ... on level 6 of the Dungeon.
             The game lasted 00:13:28 (9160 turns).

Ijustatesigmund the Stinger (Octopode Venom Mage)   Turns: 9160, Time: 00:13:29

Health: -7/51      AC:  1    Str:  8    XL:     8   Next: 15%
Magic:  10/14      EV: 13    Int: 19    God:
Gold:   213        SH:  0    Dex: 12    Spells: 5/15 levels left

rFire   . . .        m - staff of poison
rCold   . . .        (no shield)
rNeg    . . .        (helmet restricted)
rPois   +            (no amulet)
rElec   .            (no ring)
rCorr   .            (no ring)
SInv    .            (no ring)
Will    .....        (no ring)
Stlth   +++          (no ring)
HPRegen 0.28/turn    (no ring)
MPRegen 0.14/turn    (no ring)
                     (no ring)

%: no passive effects
@: brilliant, attractive
A: almost no armour, amphibious, 8 rings, camouflage 1, gelatinous body 1,
(nimble swimmer 1), tentacles
a: no special abilities


You were on level 6 of the Dungeon.
You visited 1 branch of the dungeon, and saw 6 of its levels.
You also visited: Sewer.

You collected 213 gold pieces.

Inventory:

Hand Weapons
 c - a +2 falchion of venom
Magical Staves
 m - a staff of poison (weapon)
Wands
 s - a wand of polymorph (5)
Scrolls
 h - a scroll of amnesia
 r - a scroll of fog
Potions
 a - 3 potions of magic
 b - 3 potions of curing
 e - a potion of cancellation
 f - 2 potions of lignification
 i - 3 potions of enlightenment
 j - a potion of haste {unknown}
 k - a potion of resistance {unknown}
 l - 2 potions of invisibility {unknown}
 n - a potion of brilliance
 q - a potion of attraction


   Skills:
 + Level 2.4 Fighting
 + Level 1.6 Staves
 - Level 2.0 Dodging
 - Level 2.6 Stealth
 + Level 4.4 Spellcasting
 + Level 3.8 Conjurations
 - Level 1.0 Transmutations
 + Level 3.7 Air Magic
 + Level 6.4 Poison Magic


You had 5 spell levels left.
You knew the following spells:

 Your Spells              Type           Power      Damage    Failure   Level
a - Magic Dart            Conj           100%       1d8       2%          1
b - Poisonous Vapours     Pois/Air       100%       N/A       2%          2
c - Mephitic Cloud        Conj/Pois/Air  49%        N/A       6%          3
d - Olgreb's Toxic Radia  Pois           59%        N/A       10%         4

Your spell library contained the following spells:

 Spells                   Type           Power      Damage    Failure   Level
 Sting                    Tmut/Pois      100%       1d8       3%          1
 Apportation              Tloc           12%        N/A       13%         1
 Necrotise                Necr           24%        1d5       13%         1
 Summon Small Mammal      Summ           24%        N/A       13%         1
 Call Imp                 Summ           12%        N/A       21%         2


Dungeon Overview and Level Annotations

Branches:
Dungeon (6/15)              Sewer (visited)
 Temple: D:4-7

Altars:
Fedhas
Kikubaaqudgha
Trog
Zin


Innate Abilities, Weirdness & Mutations

You cannot wear most types of armour.
You are amphibious.
You can wear up to eight rings at the same time.
Your skin changes colour to match your surroundings (Stealth+).
Your rubbery body absorbs attacks. (AC +1, EV +1)
((You are camouflaged when in or above water. (Stealth+)))
You have tentacles for arms and can constrict up to eight enemies at once.


Message History

Casting: Magic Dart (safe; 2% risk of failure)
Confirm with . or Enter, or press ? or * to list all spells.
Aiming: Magic Dart (safe; 2% risk of failure)
Press: ? - help, Shift-Dir - straight line, f/p - ice beast
Aim: an ice beast (moderately wounded, 100% to hit)
The magic dart hits the ice beast.
The ice beast is moderately wounded.
You completely miss the ice beast. Your squeeze misses the ice beast.
The ice beast is moderately wounded.
The ice beast hits you. The ice beast freezes you!
You hit the ice beast. You squeeze the ice beast.
The ice beast is heavily wounded.
The ice beast hits you. The ice beast freezes you!
You barely miss the ice beast.
The ice beast is heavily wounded.
The ice beast closely misses you.
You closely miss the ice beast. You squeeze the ice beast.
The ice beast is heavily wounded.
The ice beast hits you but does no damage.
You hit the ice beast but do no damage.
The ice beast is heavily wounded.
The ice beast hits you. The ice beast freezes you!
You hit the ice beast but do no damage.
You squeeze the ice beast, but do no damage.
The ice beast is heavily wounded.
The ice beast hits you.
* * * LOW HITPOINT WARNING * * *
The ice beast freezes you!
* * * LOW HITPOINT WARNING * * *
Okay, then.
Okay, then.
It was a potion of brilliance.
You feel clever all of a sudden. The ice beast closely misses you.
It was a potion of attraction.
You feel attractive to monsters. The ice beast hits you.
* * * LOW HITPOINT WARNING * * *
The ice beast freezes you!
You die...

#.<...# #+##
#.#.#.###
#.#.#.#..
#.....#.#
##...##.# # .
###.#.##.#.###..
#...#....#......
#.#####.....##..
#...#...@Y......
###.#.####.####.
#...# .. #####
##


You could see an ice beast.

Vanquished Creatures
  An ice beast (D:5)
  A black bear (D:4)
  An ogre (D:4)
  A kobold brigand (D:3)
  3 scorpions (D:5)
  3 hounds
  4 jellies
  2 iguanas (D:5)
  Robin (D:1)
  5 adders
  A gnoll (D:5)
  A river rat (Sewer)
  A worm (D:3)
  7 dart slugs
  2 orcs (D:5)
  6 endoplasms
  7 giant cockroaches
  17 goblins
  10 hobgoblins
  9 quokkas
  11 ball pythons
  5 bats
  11 frilled lizards
  3 kobolds
  9 rats
122 creatures vanquished.

Notes
Turn   | Place    | Note
-------+----------+-------------------------------------------
     0 | D:1      | Ijustatesigmund the Octopode Venom Mage began the quest for
                  | the Orb.
     0 | D:1      | Reached XP level 1. HP: 11/11 MP: 3/3
   180 | D:1      | Reached XP level 2. HP: 18/18 MP: 1/5
   365 | D:1      | Reached skill level 1 in Fighting
   378 | D:1      | Reached skill level 4 in Poison Magic
   562 | D:1      | Learned a level 2 spell: Poisonous Vapours
   633 | D:1      | Learned a level 1 spell: Magic Dart
   646 | D:1      | Found a faded altar of an unknown god.
   873 | D:1      | Reached XP level 3. HP: 18/23 MP: 3/6
   877 | D:1      | Learned a level 3 spell: Mephitic Cloud
  1682 | D:2      | Noticed Robin
  1696 | D:2      | Reached skill level 1 in Conjurations
  1696 | D:2      | Reached XP level 4. HP: 27/28 MP: 1/7
  1890 | D:1      | Killed Robin
  1891 | D:1      | Reached skill level 1 in Air Magic
  2669 | D:3      | Noticed a kobold brigand
  2679 | D:3      | Killed a kobold brigand
  2680 | D:3      | Reached XP level 5. HP: 25/33 MP: 3/9
  2918 | D:3      | Found a glowing drain.
  2922 | Sewer    | Entered a sewer
  2931 | Sewer    | Learned a level 4 spell: Olgreb's Toxic Radiance
  3473 | Sewer    | Reached skill level 5 in Poison Magic
  4057 | Sewer    | Reached XP level 6. HP: 23/38 MP: 5/10
  4717 | Sewer    | Found a viscous altar of Jiyva.
  5327 | D:3      | Found a blossoming altar of Fedhas.
  5692 | D:4      | Reached XP level 7. HP: 43/43 MP: 1/12
  6821 | D:4      | Found an ancient bone altar of Kikubaaqudgha.
  7734 | D:5      | Entered Level 5 of the Dungeon
  7888 | D:5      | Reached skill level 6 in Poison Magic
  8104 | D:5      | Reached skill level 1 in Staves
  8545 | D:5      | Reached XP level 8. HP: 50/50 MP: 8/14
  8796 | D:5      | Found a bloodstained altar of Trog.
  8958 | D:5      | Found a glowing silver altar of Zin.
  9160 | D:6      | Mangled by an ice beast

Illustrated notes

Levels and vault maps discovered:
D:1:      scummos_arrival_checkerplants, layout_rooms,
          ebering_ecumenical_altar_rust
D:2:      minmay_recursive_quarters, layout_basic, kennysheep_cluttered_room,
          uniq_robin
D:3:      layout_loops_ring, nicolae_overflow_hidden_temple,
          gup_sewer_entry_spiral, kennysheep_minor_cross
D:4:      layout_layer_cave, mainiacjoe_overflow_six_doors_small,
          amcnicky_mini_rare_corridor_liquid
D:5:      layout_loops_corners, mainiacjoe_overflow_catwalk, zin_statuary,
          cheibrodos_gnoll_hut
D:6:      layout_loops_corners, serial_rivers, chequers_serial_rivers_micro_a,
          chequers_serial_rivers_small_b, chequers_serial_rivers_marsh,
          chequers_serial_rivers_marsh

Skill      XL: |  1  2  3  4  5  6  7 |
---------------+----------------------+-----
Fighting       | 1 2 |  2.4
Poison Magic   | 4 5 6 |  6.4
Conjurations   | 1 2 3 |  3.8
Air Magic      | 1 2 3 |  3.7
Spellcasting   | 3 4 |  4.4
Staves         | 1 |  1.6
Dodging        | |  2.0
Stealth        | |  2.6
Transmutations | |  1.0

Action                     |  1- 3 |  4- 6 |  7- 9 || total
---------------------------+-------+-------+-------++-------
  Melee: Unarmed           |    11 |       |       ||    11
         Tentacles         |    14 |     7 |     7 ||    28
         Constrict         |    17 |     8 |     6 ||    31
         Dagger            |    50 |    22 |       ||    72
         Punch             |     1 |       |       ||     1
         Falchion          |       |    28 |    19 ||    47
         Staff             |       |       |    17 ||    17
   Cast: Sting             |    13 |       |       ||    13
         Magic Dart        |    17 |    98 |    45 ||   160
         Poisonous Vapours |    12 |    34 |    20 ||    66
         Mephitic Cloud    |     1 |     1 |       ||     2
         Olgreb's Toxic Ra |       |       |     1 ||     1
    Use: Scroll            |     5 |     5 |     7 ||    17
         Potion            |       |       |     5 ||     5
   Stab: Sleeping          |     1 |     3 |     1 ||     5
 Armour: Skin              |     8 |     2 |     3 ||    13
  Dodge: Dodged            |    48 |    48 |    23 ||   119

Table legend: (Time is in decaauts)
 A = Elapsed time spent in this place.
 B = Non-inter-level travel time spent in this place.
 C = Inter-level travel time spent in this place.
 D = Time resting spent in this place.
 E = Time spent auto-exploring this place.
 F = Levels seen in this place.
 G = Mean time per level.
                   A        B        C        D        E       F      G
               +--------+--------+--------+--------+--------+-----+--------+
         Total |   9175 |   9060 |    115 |   3198 |   5022 |   7 | 1310.7 |
       Dungeon |   7355 |   7240 |    115 |   1843 |   4666 |   6 | 1225.8 |
         Sewer |   1819 |   1819 |      0 |   1355 |    356 |   1 | 1819.0 |
               +--------+--------+--------+--------+--------+-----+--------+

Top non-repeatable levels by time:
     D:4: 2272 daAuts
   Sewer: 1819 daAuts
     D:5: 1380 daAuts
     D:2: 1367 daAuts
     D:1: 1182 daAuts
     D:3: 1103 daAuts
     D:6: 50 daAuts
